 Dungeon Crawl Stone Soup version 0.27.1 (webtiles) character file.

Game seed: 10641757665930388138

14476 Malachi the Cleaver (level 11, -7/84 HPs)
             Began as a Demonspawn Gladiator on Aug 21, 2021.
             Was a Priest of Qazlal.
             Mangled by a sixfirhy (10 damage)
             ... summoned by a kobold demonologist
             ... on level 11 of the Dungeon.
             The game lasted 00:38:38 (14146 turns).

Malachi the Cleaver (Demonspawn Gladiator)         Turns: 14146, Time: 00:38:38

Health: -7/84      AC: 14    Str: 30    XL:     11   Next: 89%
Magic:  15/15      EV: 13    Int:  9    God:    Qazlal [***...]
Gold:   562        SH:  9    Dex: 15    Spells: 10/10 levels left

rFire    + . .     SeeInvis .   a - +1 war axe
rCold    + . .     Faith    .   N - +0 buckler
rNeg     . . .     Spirit   .   e - +0 acid dragon scales
rPois    .         Reflect  .   c - +1 helmet
rElec    .         Harm     .   d - scarf {rC+ rF+}
rCorr    +         Rampage  .   j - +2 pair of gloves
Will     .....                  (no boots)
Stlth    ++........             s - amulet of regeneration
HPRegen  1.24/turn              f - +6 ring of strength
MPRegen  0.14/turn              y - +6 ring of strength

@: studying Air Magic
A: hooves 2, molten scales 1, demonic guardian 1, foul stench 1
a: Renounce Religion, Upheaval, Elemental Force


You were on level 11 of the Dungeon.
You worshipped Qazlal.
Qazlal was most pleased with you.
You visited 2 branches of the dungeon, and saw 12 of its levels.

You collected 562 gold pieces.

Inventory:

Hand Weapons
 a - a +1 war axe (weapon)
 k - a +2 flail of distortion
 v - a +2 shortbow of flaming
Missiles
 u - 251 arrows
Armour
 c - a +1 helmet (worn)
 d - a scarf of resistance (worn)
 e - +0 acid dragon scales (worn)
 i - the +1 robe of Perpetual Drought {rC+}
   (You found it on level 8 of the Dungeon)

   rC:        It protects you from cold.
 j - a +2 pair of gloves (worn)
 K - a +0 kite shield
 N - a +0 buckler (worn)
Jewellery
 f - a +6 ring of strength (left hand)
 p - a ring of see invisible
 s - an amulet of regeneration (around neck)
 x - a ring of fire
 y - a +6 ring of strength (right hand)
 A - a ring of positive energy
 C - the ring of the Mage {Wiz Will++ Int+3}
   (You found it on level 8 of the Dungeon)

   [ring of wizardry]

   It improves your spell success rate.
   Int:       It affects your intelligence (+3).
   Will:      It greatly increases your willpower.
 D - an amulet of magic regeneration
 J - a +6 ring of strength
 M - a ring of ice
Wands
 n - a wand of polymorph (10)
 q - a wand of paralysis (6)
 t - a wand of mindburst (15)
 w - a wand of digging (12)
Scrolls
 b - 2 scrolls of enchant armour
 h - 10 scrolls of teleportation
 o - 2 scrolls of enchant weapon
 H - a scroll of amnesia
 I - a scroll of magic mapping
Potions
 g - 2 potions of brilliance
 l - 2 potions of curing
 m - 2 potions of attraction
 r - a potion of resistance
 z - 3 potions of might
 B - a potion of flight
 E - a potion of haste
 F - 2 potions of invisibility
 L - a potion of lignification
 O - a potion of heal wounds


   Skills:
 - Level 7.4 Fighting
 * Level 12.3 Axes
 + Level 1.8 Throwing
 - Level 5.4 Armour
 - Level 4.9 Dodging
 - Level 5.1 Stealth
 * Level 4.3 Shields
 - Level 2.2 Earth Magic
 * Level 6.6 Invocations
 - Level 1.7 Evocations


You had 10 spell levels left.
You didn't know any spells.
Your spell library contained the following spells:

 Spells                   Type           Power      Damage    Failure   Level
 Blink                    Tloc           N/A        N/A       56%         2
 Sublimation of Blood     Necr           0%         N/A       56%         2
 Frozen Ramparts          Ice            0%         1d2       80%         3
 Petrify                  Tmut/Erth      2%         N/A       96%         4
 Ice Form                 Ice/Tmut       0%         N/A       99%         4
 Summon Ice Beast         Ice/Summ       0%         N/A       99%         4
 Blade Hands              Tmut           0%         N/A       100%        5
 Irradiate                Conj/Tmut      0%         3d13      100%        5
 Manifold Assault         Tloc           0%         N/A       100%        5
 Summon Forest            Summ/Tloc      0%         N/A       100%        5
 Eringya's Noxious Bog    Tmut/Pois      0%         N/A       100%        6
 Dragon Form              Tmut           0%         N/A       100%        7
 Storm Form               Tmut/Air       0%         N/A       100%        7
 Summon Hydra             Summ           0%         N/A       100%        7


Dungeon Overview and Level Annotations

Branches:
Dungeon (11/15)            Temple (1/1) D:5            Lair (0/6) D:8
    Orc: D:9-12

Altars:
Ashenzari
Cheibriados
Dithmenos
Elyvilon
Fedhas
Gozag
Hepliaklqana
Kikubaaqudgha
Makhleb
Nemelex Xobeh
Okawaru
Qazlal
Ru
Sif Muna
Trog
Uskayaw
Vehumet
Wu Jian
Xom
Yredelemnul
Zin
The Shining One

Annotations:
D:8 2 transporters, stripedtigrrr's ghost, novice OpAK


Innate Abilities, Weirdness & Mutations

You have hoof-like feet.
You are partially covered in molten scales. (AC +2)
A weak demonic guardian rushes to your aid.
You may rarely emit foul miasma when damaged in melee.


Message History

Your white imp dies!
The sixfirhy barely misses you. The orc barely misses you.
You block the orc's attack. You block the orc warrior's attack.
The orc hits you but does no damage.
The kobold demonologist mumbles some strange words.
You slash the orc!
You kill the orc!
Qazlal accepts your kill.
You slash the sixfirhy! You closely miss the orc warrior.
You barely miss the orc.
You hear a shout!
The orc closely misses you. You block the orange demon's attack.
The orc warrior hits you with a +1 battleaxe of freezing.
The orc warrior freezes you.
You hear a shout! x3
You barely miss the kobold demonologist.
Your kick misses the kobold demonologist.
The kobold demonologist is lightly wounded.
You hit the sixfirhy but do no damage. You slash the orc warrior!
You hit the orc. You block the orc's attack. The sixfirhy hits you.
The sixfirhy shocks you!
* * * LOW HITPOINT WARNING * * *
The orange demon stings you but does no damage.
The orc closely misses you.
The orc warrior hits you with a +1 battleaxe of freezing!
* * * LOW HITPOINT WARNING * * *
The orc warrior freezes you.
* * * LOW HITPOINT WARNING * * *
The kobold demonologist begins to cast a cantrip, but forgets the words!
As you read the scroll of fear, it crumbles to dust.
You assume a fearsome visage.
The orc looks frightened! x3
The orc warrior looks frightened!
The shadow imp is unaffected.
The cyclops looks frightened!
The orange demon is unaffected.
The ufetubus is unaffected.
The kobold demonologist looks frightened!
The sixfirhy is unaffected.
The kobold brigand looks frightened!
The kobold looks frightened!
The sixfirhy hits you!
* * * LOW HITPOINT WARNING * * *
The sixfirhy shocks you!
You die...

.... .... .. . ..# ..# .
##.# #.##'#### #.
#..###........ # ##.
#...#.........
##.#..###☼oo........
.......#K@o......# .
.......53#o......####.# #.
.#...54####..........###.
......KK†..#.......#......
.....C...........###......
..................##......
.................^........
..........................
..........................


You could see an orange demon (summoned), a cyclops (fleeing), a kobold
demonologist (fleeing), a sixfirhy (summoned), an orc warrior (fleeing), a
kobold brigand (fleeing), a shadow imp (summoned), 3 orcs, an ufetubus
(summoned) and a kobold (fleeing).

Vanquished Creatures
  A boulder beetle (D:7)
  2 two-headed ogres
  Pikel (D:5)
  Maggie (D:8)
  An unseen horror (D:7)
  A kobold demonologist (D:11)
  A hornet (D:11)
  Grinder (D:6)
  A troll (D:10)
  A slime creature (D:7)
  2 shadows (D:10)
  A wyvern (D:7)
  19 yaks
  2 wraiths
  3 basilisks (D:8)
  Edmund (D:6)
  3 acid dragons
  4 water moccasins
  2 sky beasts
  3 orc warriors
  Duvessa (D:6)
  2 black bears
  2 ice beasts (D:7)
  3 ogres
  A necrophage (D:6)
  5 centaurs
  2 lemures (D:5)
  2 phantoms
  5 kobold brigands
  A gnoll sergeant (D:7)
  5 scorpions
  A bullfrog (D:4)
  A water moccasin zombie (D:3)
  A water moccasin skeleton (D:5)
  Dowan (D:6)
  9 killer bees
  A howler monkey (D:6)
  6 wights (D:8)
  A centaur zombie (D:5)
  3 jellies
  6 orc priests
  2 hounds
  A centaur skeleton (D:6)
  Natasha (thrice) (D:4)
  6 iguanas
  6 orc wizards
  A hound zombie (D:5)
  13 gnolls
  A howler monkey skeleton (D:6)
  An adder (D:2)
  2 ufetubi
  2 worms
  2 dart slugs
  31 orcs
  5 ball pythons
  5 endoplasms
  4 giant cockroaches
  8 goblins
  9 hobgoblins
  6 jackals
  3 quokkas
  5 bats
  4 frilled lizards
  29 kobolds
  9 rats
268 creatures vanquished.

Vanquished Creatures (collateral kills)
  A hydra (D:7)
  The ghost of Malachi the Grappler, a novice TrMo (D:7)
  A cyclops (D:7)
  A kobold demonologist (D:7)
  A scorpion (D:4)
  A gnoll shaman (D:6)
  An orc wizard (D:3)
  An orc (D:3)
  A giant cockroach (D:4)
  A hobgoblin (D:6)
10 creatures vanquished.

Vanquished Creatures (others)
  An ogre (D:3)
  An orc (D:3)
  A ball python (D:3)
  A giant cockroach (D:3)
  A jackal (D:3)
  6 fungi (D:8)
  13 plants
24 creatures vanquished.

Grand Total: 302 creatures vanquished

Notes
Turn   | Place    | Note
-------+----------+-------------------------------------------
     0 | D:1      | Malachi the Demonspawn Gladiator began the quest for the
                  | Orb.
     0 | D:1      | Reached XP level 1. HP: 16/16 MP: 1/1
   305 | D:1      | Gained mutation: A weak demonic guardian rushes to your
                  | aid. [demonic ancestry]
   305 | D:1      | Reached XP level 2. HP: 19/23 MP: 2/2
   887 | D:1      | Reached skill level 3 in Axes
  1424 | D:2      | Gained mutation: You have large cloven feet. [demonic
                  | ancestry]
  1424 | D:2      | Reached XP level 3. HP: 24/28 MP: 3/3
  1567 | D:2      | Found a faded altar of an unknown god.
  1921 | D:3      | Killed an ogre
  1934 | D:3      | Reached skill level 1 in Stealth
  1966 | D:3      | Gained mutation: You are partially covered in molten
                  | scales. (AC +2) [demonic ancestry]
  1966 | D:3      | Reached XP level 4. HP: 19/34 MP: 4/4
  2069 | D:3      | Reached skill level 1 in Armour
  2094 | D:3      | Reached XP level 5. HP: 8/40 MP: 5/5
  2097 | D:3      | Reached skill level 4 in Axes
  2616 | D:3      | Reached XP level 6. HP: 34/47 MP: 6/6
  2911 | D:3      | Found a shimmering altar of Xom.
  3206 | D:4      | Reached skill level 5 in Axes
  3320 | D:4      | Noticed Natasha
  3331 | D:4      | Killed Natasha
  3536 | D:4      | Gained mutation: You have hoof-like feet. [demonic
                  | ancestry]
  3536 | D:4      | Reached XP level 7. HP: 27/53 MP: 7/7
  4160 | D:4      | Found a hazy altar of Hepliaklqana.
  4639 | D:4      | Noticed Natasha
  4648 | D:4      | Killed Natasha
  4841 | D:4      | Noticed Natasha
  4847 | D:4      | Killed Natasha
  5011 | D:5      | Entered Level 5 of the Dungeon
  5260 | D:5      | Reached skill level 6 in Axes
  5822 | D:5      | Found a staircase to the Ecumenical Temple.
  5918 | D:5      | Reached XP level 8. HP: 58/60 MP: 8/8
  5953 | Temple   | Entered the Ecumenical Temple
  6062 | Temple   | Became a worshipper of Qazlal Stormbringer
  6231 | D:5      | Noticed Pikel
  6263 | D:5      | Killed Pikel
  6264 | D:5      | Reached skill level 7 in Axes
  6942 | D:6      | Noticed Dowan
  6947 | D:6      | Noticed Duvessa
  6948 | D:6      | Noticed Edmund
  6955 | D:6      | Reached skill level 1 in Evocations
  6964 | D:6      | Killed Dowan
  6976 | D:6      | Killed Duvessa
  6988 | D:6      | Gained mutation: You may rarely emit foul miasma when
                  | damaged in melee. [demonic ancestry]
  6988 | D:6      | Reached XP level 9. HP: 25/67 MP: 9/9
  6992 | D:6      | Killed Edmund
  6992 | D:6      | Reached * piety under Qazlal
  6993 | D:6      | Reached skill level 5 in Fighting
  7501 | D:6      | Reached skill level 8 in Axes
  7898 | D:6      | Noticed Grinder
  7901 | D:6      | Paralysed by Grinder for 5 turns
  7911 | D:6      | Killed Grinder
  7970 | D:6      | Found a radiant altar of Vehumet.
  7970 | D:6      | Found a basalt altar of Yredelemnul.
  8299 | D:7      | Reached skill level 5 in Stealth
  8318 | D:7      | Noticed an unseen horror
  8334 | D:7      | Killed an unseen horror
  8335 | D:7      | Reached skill level 9 in Axes
  9315 | D:7      | Reached ** piety under Qazlal
  9324 | D:7      | Reached skill level 5 in Armour
  9324 | D:7      | Reached XP level 10. HP: 47/76 MP: 10/10
  9469 | D:7      | Noticed a boulder beetle
  9471 | D:7      | Noticed a cyclops
  9493 | D:7      | Killed a cyclops
  9493 | D:7      | Noticed a five-headed hydra
  9786 | D:7      | Found a runed translucent door.
  9786 | D:7      | Noticed Malachi's ghost (novice TrMo)
 10030 | D:8      | Reached skill level 1 in Invocations
 10033 | D:8      | Reached skill level 1 in Shields
 10050 | D:8      | Reached skill level 10 in Axes
 10394 | D:8      | Found a staircase to the Lair.
 10557 | D:8      | Identified the +1 robe of Perpetual Drought {rC+}
 10836 | D:8      | Noticed Maggie
 10840 | D:8      | Killed Maggie
 11078 | D:8      | Noticed a two-headed ogre
 11079 | D:8      | Found a transporter.
 11086 | D:8      | Noticed a boulder beetle
 11086 | D:8      | Noticed a skeletal warrior
 11087 | D:8      | Noticed stripedtigrrr's ghost (novice OpAK)
 11111 | D:8      | Found a transporter.
 11209 | D:8      | Found the ring of the Mage {Wiz Will++ Int+3}
 11253 | D:8      | Reached XP level 11. HP: 72/83 MP: 14/14
 11765 | D:9      | Noticed a two-headed ogre
 11770 | D:9      | Killed a two-headed ogre
 11771 | D:9      | Reached skill level 11 in Axes
 12210 | D:10     | Entered Level 10 of the Dungeon
 12377 | D:9      | Reached skill level 5 in Invocations
 12438 | D:9      | Reached skill level 1 in Earth Magic
 12480 | D:10     | Noticed a two-headed ogre
 12489 | D:10     | Killed a two-headed ogre
 12489 | D:10     | Reached *** piety under Qazlal
 13534 | D:7      | Killed Malachi's ghost
 13757 | D:7      | Killed a boulder beetle
 13776 | D:7      | Killed a five-headed hydra
 13777 | D:7      | Reached skill level 12 in Axes
 14130 | D:11     | Noticed a two-headed ogre
 14141 | D:11     | Noticed a sixfirhy
 14146 | D:11     | HP: 3/84 [sixfirhy[a kobold demonologist] (8)]
 14146 | D:11     | Mangled by a sixfirhy

Illustrated notes

Levels and vault maps discovered:
D:1:      minmay_arrival_hallway, layout_basic
D:2:      layout_loops_ring, basic_altar, ebering_ecumenical_altar_box
D:3:      layout_basic, xom_confusion_cloud, gup_sewer_entry_bowl
D:4:      layout_layer_cave, mainiacjoe_overflow_24_doors, minmay_manual_moon,
          uniq_natasha
D:5:      layout_basic, minmay_temple_entry_antechambers, uniq_pikel
D:6:      corexii_shack_village, layout_loops_ring,
          gammafunk_temple_overflow_wave, uniq_edmund, uniq_grinder,
          uniq_duvessa
D:7:      minmay_slanted_spiral_squares, layout_loops_ring,
          ebering_ghost_inner_flame, minmay_bent
D:8:      layout_basic, minmay_lair_entry_grove, nzn_ghost_randoct, uniq_maggie
D:9:      layout_long_grid
D:10:     layout_rooms, minmay_fractal_squares_5
D:11:     layout_cave_pools, hiddenorc2_lemuel
Temple:   compressed_dpeg_circular_temple

Skill      XL: |  1  2  3  4  5  6  7  8  9 10 11 |
---------------+----------------------------------+-----
Axes           | 3 4 5 6 7 9 10 12 | 12.3
Stealth        | 1 2 4 5 |  5.1
Dodging        | 3 4 |  4.9
Armour         | 1 2 5 |  5.4
Fighting       | 3 4 5 6 7 |  7.4
Evocations     | 1 |  1.7
Invocations    | 4 6 |  6.6
Shields        | 3 4 |  4.3
Earth Magic    | 2 |  2.2
Throwing       | |  1.8

Action                   |  1- 3 |  4- 6 |  7- 9 | 10-12 || total
-------------------------+-------+-------+-------+-------++-------
Melee: War axe           |   100 |   108 |   266 |   329 ||   803
       Kick              |     8 |    25 |    78 |   154 ||   265
Throw: Throwing net      |       |       |     2 |     1 ||     3
Invok: Upheaval          |       |       |       |     3 ||     3
       Elemental Force   |       |       |       |     1 ||     1
Evoke: Wand              |       |       |    14 |     3 ||    17
  Use: Potion            |       |       |    12 |     1 ||    13
       Scroll            |       |       |    10 |     3 ||    13
 Stab: Sleeping          |     2 |     1 |     2 |       ||     5
       Distracted        |     1 |       |       |     1 ||     2
       Paralysed         |       |       |     7 |       ||     7
       Invisible         |       |       |     4 |       ||     4
       Held in net/web   |       |       |       |     1 ||     1
Armor: Leather armour    |    27 |    60 |    65 |       ||   152
       Skin              |       |       |    12 |       ||    12
       Chain mail        |       |       |    53 |   122 ||   175
       Acid dragon scale |       |       |       |    26 ||    26
Dodge: Dodged            |    75 |    85 |   178 |   198 ||   536
Block: Other             |       |       |    10 |    37 ||    47
       Kite shield       |       |       |       |    17 ||    17
       Buckler           |       |       |       |    16 ||    16
